 Dungeon Crawl Stone Soup version 0.31-a0-217-g58bb5d79cf (webtiles) character file.

Game seed: 16190566092273101676

7 qw the Shooter (level 1, 0/16 HPs)
             Began as a Minotaur Hexslinger on July 2, 2023.
             Slain by a rat (2 damage)
             ... on level 1 of the Dungeon.
             The game lasted 00:00:04 (276 turns).

qw the Shooter (Minotaur Hexslinger)                 Turns: 276, Time: 00:00:05

Health: 0/16       AC:  2    Str: 12    XL:     1   Next: 91%
Magic:  1/1        EV: 12    Int: 10    God:
Gold:   22         SH:  0    Dex: 12    Spells: 1/2 levels left

rFire   . . .        a - +1 sling
rCold   . . .        (no shield)
rNeg    . . .        c - +0 robe
rPois   .            (helmet restricted)
rElec   .            (no cloak)
rCorr   .            (no gloves)
SInv    .            (no boots)
Will    .....        (no amulet)
Stlth   +            (no ring)
HPRegen 0.22/turn    (no ring)
MPRegen 0.07/turn

%: no passive effects
@: no status effects
A: horns 2, retaliatory headbutt
a: no special abilities


You were on level 1 of the Dungeon.
You visited 1 branch of the dungeon, and saw 1 of its levels.

You collected 22 gold pieces.


Innate Abilities, Weirdness & Mutations

You have a pair of horns on your head.
You reflexively headbutt those who attack you in melee.


   Skills:
 + Level 1.2 Fighting
 - Level 3.0 Ranged Weapons
 - Level 2.1 Dodging
 - Level 1.0 Spellcasting
 - Level 2.0 Hexes


You had one spell level left.
You knew the following spells:

 Your Spells              Type           Power      Damage    Failure   Level
a - Slow                  Hex            16%        N/A       16%         1

Your spell library contained the following spells:

 Spells                   Type           Power      Damage    Failure   Level
 Inner Flame              Hex/Fire       2%         N/A       56%         3
 Portal Projectile        Hex/Tloc       4%         N/A       56%         3
 Cause Fear               Hex            2%         N/A       83%         4

Inventory:

Hand Weapons
 a - a +1 sling (weapon)
Armour
 c - a +0 robe (worn)
Scrolls
 b - a scroll of poison
 d - a scroll of vulnerability {unknown}

Dungeon Overview and Level Annotations

Branches:
Dungeon (1/15)

Altars:


Message History

The sling bullet hits the rat.
The rat is severely wounded.
The ball python bites you. The ball python constricts you.
The rat barely misses you.
The endoplasm jiggles.
The ball python bites you. The ball python constricts you.
You shoot a sling bullet.
The sling bullet closely misses the ball python.
The sling bullet barely misses the rat.
The ball python bites you. The ball python constricts you.
The rat bites you but does no damage.
You shoot a sling bullet.
The sling bullet closely misses the ball python.
The sling bullet barely misses the rat.
The ball python barely misses you. The ball python constricts you.
The rat barely misses you. The ball python bites you.
The ball python constricts you.
You shoot a sling bullet. The sling bullet hits the ball python.
You kill the ball python!
The rat closely misses you. The rat barely misses you.
The rat closely misses you.
You shoot a sling bullet.
The sling bullet closely misses the rat.
The sling bullet hits the endoplasm!
You kill the endoplasm!
The rat bites you but does no damage. The rat barely misses you.
You shoot a sling bullet. The sling bullet barely misses the rat.
The rat completely misses you. You furiously retaliate!
You headbutt the rat.
You kill the rat!
The rat bites you but does no damage.
Your Ranged Weapons skill increases to level 3!
You shoot a sling bullet. The sling bullet hits the rat.
The rat is moderately wounded.
The rat closely misses you.
You shoot a sling bullet.
The sling bullet closely misses the rat.
The rat bites you. The rat bites you but does no damage.
You shoot a sling bullet. The sling bullet barely misses the rat.
The rat bites you.
You die...

#.#.#.# #.#.#.# . .
#.#.#.# .#. ..#.#.# ...
## ###.#.#.# ####.## ..
....#.#.# #..... ..
#####.#.# ##.##.# .##.#
......#.# #...#.#......
#######.####....@%..:...
...............##r......
..............###...#...
...................... .
#####...#########.#.....
#...# .#####. #...# .#
#...# .# #...#


You could see a rat.

Vanquished Creatures
  2 ball pythons (D:1)
  2 endoplasms (D:1)
  A bat (D:1)
  A frilled lizard (D:1)
  2 rats (D:1)
8 creatures vanquished.

Notes
Turn   | Place    | Note
-------+----------+-------------------------------------------
     0 | D:1      | qw the Minotaur Hexslinger began the quest for the Orb.
     0 | D:1      | Reached XP level 1. HP: 16/16 MP: 1/1
     0 | D:1      | 0 ||| qw: Version: 0.3-a-40-ge99b1a8
     0 | D:1      | 0 ||| qw: Game counter: 8039
     0 | D:1      | 0 ||| qw: Melee chars always use a shield: true
     0 | D:1      | 0 ||| qw: God list: Okawaru
     0 | D:1      | 0 ||| qw: Allow faded altars: false
     0 | D:1      | 0 ||| qw: Do Orc after clearing Dungeon:15 true
     0 | D:1      | 0 ||| qw: Do second Lair branch before Depths: true
     0 | D:1      | 0 ||| qw: Lair rune preference: random
     0 | D:1      | 0 ||| qw: Goals: Normal
     0 | D:1      | 0 ||| PLANNING D:1-11
   270 | D:1      | HP: 4/16 [ball python (2)]
   274 | D:1      | Reached skill level 3 in Ranged Weapons
   275 | D:1      | HP: 2/16 [rat (3)]
   276 | D:1      | Slain by a rat

Levels and vault maps discovered:
D:1:      minmay_arrival_widening_spiral_narrow, layout_loops_cross, hex_tiny

Skill      XL: |  1 |
---------------+----+-----
Ranged Weapons | 3 |  3.0
Fighting       | |  1.2
Dodging        | |  2.1
Spellcasting   | |  1.0
Hexes          | |  2.0

Action                     || total
---------------------------++-------
   Fire: Sling             ||    23
 Armour: Robe              ||     7
  Dodge: Dodged            ||    14

Table legend:
 A = Non-vault XP
 B = Vault XP
 C = Vault XP percentage of total XP
 D = Non-vault monster count
 E = Vault monster count
 F = Vault count percentage of total count
                 A         B        C        D         E       F
            +---------+---------+-------+---------+---------+-------
      Total |      11 |       0 |   0.0 |       8 |       0 |   0.0
            +---------+---------+-------+---------+---------+-------
        D:1 |      11 |       0 |   0.0 |       8 |       0 |   0.0
            +---------+---------+-------+---------+---------+-------
